| TOP OF THE 1ST |
|
Peoria Chiefs batting - Pitching for Dayton Dragons : RHP Justin Ezzell
|
|
Pitching: RHP Justin Ezzell
|
|
|
Batting: LHB Ichiro Toyota
|
0-0: Swinging Strike 0-1: Ball 1-1: Foul Ball, location: 2F 1-2: Ball 2-2: Foul Ball, location: 2F 2-2: Ball 3-2: DOUBLE (Line Drive, 78D, EV 105.0 MPH)
|
|
Batting: RHB Melvin Enriquez
|
0-0: DOUBLE (Groundball, 5L, EV 109.4 MPH) Ichiro Toyota scores
|
|
Batting: LHB Shigeru Ono
|
0-0: Called Strike 0-1: Ball 1-1: Foul Ball, location: 2F 1-2: Ball 2-2: Fly out, F8 (Flyball, 8RS, EV 85.0 MPH)
|
|
Batting: RHB Terry Baginski
|
0-0: Called Strike 0-1: Foul Ball, location: 2F 0-2: Ball 1-2: Strikes out looking
|
|
Batting: RHB Travis Leonard
|
0-0: Ball 1-0: Ground out 1-3 (Groundball, 13S, EV 69.4 MPH)
|
| Top of the 1st over - 1 run, 2 hits, 0 errors, 1 left on base; Peoria 1 - Dayton 0 |
| BOTTOM OF THE 1ST |
|
Dayton Dragons batting - Pitching for Peoria Chiefs : RHP Tristan Johnson
|
|
Pitching: RHP Tristan Johnson
|
|
|
Batting: LHB Nick Nino
|
0-0: Called Strike 0-1: DOUBLE (Groundball, 3L, EV 102.5 MPH)
|
|
Batting: LHB Leo Gomez
|
0-0: Called Strike 0-1: Ball 1-1: Ball 2-1: Swinging Strike 2-2: Ball 3-2: Base on Balls
|
|
Batting: LHB Chris Grunwald
|
0-0: Ball 1-0: Ball 2-0: Swinging Strike 2-1: Called Strike Nick Nino steals 3rd base (no throw) 2-2: Strikes out looking
|
|
Batting: SHB Kristian Kristensen
|
0-0: Called Strike 0-1: SINGLE (Groundball, 4D, EV 100.6 MPH) Nick Nino scores Leo Gomez to second
|
|
Batting: RHB Bruno André
|
0-0: Ball Leo Gomez steals 3rd base (no throw) 1-0: TRIPLE (Flyball, 89XD, EV 103.8 MPH) Leo Gomez scores Kristian Kristensen scores
|
|
Batting: RHB Mark Williams
|
0-0: Ball 1-0: Ball 2-0: Ball 3-0: Ground out 3-1 (Groundball, 34, EV 86.2 MPH) Bruno André scores
|
|
Batting: RHB Ben Hinman
|
0-0: Ball 1-0: Called Strike 1-1: Foul Ball, location: 2F 1-2: Foul Ball, location: 2F 1-2: Strikes out swinging
|
| Bottom of the 1st over - 4 runs, 3 hits, 0 errors, 0 left on base; Peoria 1 - Dayton 4 |
| TOP OF THE 2ND |
|
Peoria Chiefs batting - Pitching for Dayton Dragons : RHP Justin Ezzell
|
|
Batting: LHB Ken Compton
|
0-0: Ball 1-0: Ball 2-0: Ground out 6-3 (Groundball, 6, EV 83.8 MPH)
|
|
Batting: RHB Dan Boykins
|
0-0: Fly out, F6 (Popup, 6MS, EV 83.8 MPH)
|
|
Batting: SHB Josh Conner
|
0-0: Foul Ball, location: 2F 0-1: Ground out 5-3 (Groundball, 56, EV 85.6 MPH)
|
| Top of the 2nd over - 0 runs, 0 hits, 0 errors, 0 left on base; Peoria 1 - Dayton 4 |
| BOTTOM OF THE 2ND |
|
Dayton Dragons batting - Pitching for Peoria Chiefs : RHP Tristan Johnson
|
|
Batting: RHB Jonathan Davis
|
0-0: Called Strike 0-1: Ball 1-1: Ground out 6-3 (Groundball, 6, EV 104.4 MPH)
|
|
Batting: LHB Matt Kennedy
|
0-0: Ball 1-0: Ball 2-0: SINGLE (Line Drive, 78S, EV 107.5 MPH)
|
|
Batting: LHB Nick Nino
|
0-0: Swinging Strike 0-1: Fielders Choice at 2nd, 4-6 (Groundball, 4, EV 91.9 MPH)
|
|
Batting: LHB Leo Gomez
|
0-0: Ball Nick Nino is caught stealing 2nd base 2-6
|
| Bottom of the 2nd over - 0 runs, 1 hit, 0 errors, 0 left on base; Peoria 1 - Dayton 4 |
| TOP OF THE 3RD |
|
Peoria Chiefs batting - Pitching for Dayton Dragons : RHP Justin Ezzell
|
|
Batting: RHB Justin Reich
|
0-0: DOUBLE (Groundball, 5L, EV 102.5 MPH)
|
|
Batting: LHB Ichiro Toyota
|
0-0: Called Strike 0-1: Ball 1-1: Ball 2-1: Fly out, F8 (Flyball, 8RD, EV 100.0 MPH)
|
|
Batting: RHB Melvin Enriquez
|
0-0: Foul Ball, location: 2F 0-1: Ball Passed Ball! Justin Reich to third 1-1: Foul Ball, location: 2F 1-2: Ball 2-2: DOUBLE (Line Drive, 89XD, EV 96.9 MPH) Justin Reich scores
|
|
Batting: LHB Shigeru Ono
|
0-0: Ball 1-0: Ball Passed Ball! Melvin Enriquez to third 2-0: Foul Ball, location: 2F 2-1: Foul Ball, location: 2F 2-2: Strikes out looking
|
|
Batting: RHB Terry Baginski
|
0-0: Ball Passed Ball! Melvin Enriquez scores 1-0: Ball 2-0: Foul Ball, location: 2F 2-1: Foul Ball, location: 2F 2-2: Strikes out looking
|
| Top of the 3rd over - 2 runs, 2 hits, 0 errors, 0 left on base; Peoria 3 - Dayton 4 |
| BOTTOM OF THE 3RD |
|
Dayton Dragons batting - Pitching for Peoria Chiefs : RHP Tristan Johnson
|
|
Batting: LHB Leo Gomez
|
0-0: Ground out 5-3 (Groundball, 6, EV 86.9 MPH)
|
|
Batting: LHB Chris Grunwald
|
0-0: Ball 1-0: Foul Ball, location: 2F 1-1: Ball 2-1: Ball 3-1: Base on Balls
|
|
Batting: SHB Kristian Kristensen
|
0-0: Called Strike 0-1: Ball 1-1: Ball 2-1: Ball 3-1: Foul Ball, location: 2F 3-2: Foul Ball, location: 2F 3-2: Grounds into double play, 5-4-3 (Groundball, 5, EV 85.0 MPH)
|
| Bottom of the 3rd over - 0 runs, 0 hits, 0 errors, 0 left on base; Peoria 3 - Dayton 4 |
| TOP OF THE 4TH |
|
Peoria Chiefs batting - Pitching for Dayton Dragons : RHP Justin Ezzell
|
|
Batting: RHB Travis Leonard
|
0-0: Swinging Strike 0-1: Fly out, F9 (Line Drive, 9D, EV 95.0 MPH)
|
|
Batting: LHB Ken Compton
|
0-0: Fly out, F8 (Flyball, 8LD, EV 95.0 MPH)
|
|
Batting: RHB Dan Boykins
|
0-0: Called Strike 0-1: DOUBLE (Line Drive, 7LM, EV 103.1 MPH)
|
|
Batting: SHB Josh Conner
|
0-0: Ground out 6-3 (Groundball, 6, EV 88.1 MPH)
|
| Top of the 4th over - 0 runs, 1 hit, 0 errors, 1 left on base; Peoria 3 - Dayton 4 |
| BOTTOM OF THE 4TH |
|
Dayton Dragons batting - Pitching for Peoria Chiefs : RHP Tristan Johnson
|
|
Batting: RHB Bruno André
|
0-0: Called Strike 0-1: Swinging Strike 0-2: Fly out, F9 (Flyball, 9LM, EV 83.1 MPH)
|
|
Batting: RHB Mark Williams
|
0-0: Ball 1-0: Called Strike 1-1: Reached on error, E4 (Line Drive, 4, EV 66.9 MPH)
|
|
Batting: RHB Ben Hinman
|
0-0: Ball 1-0: Grounds into double play, 4-6-3 (Groundball, 4MD, EV 96.9 MPH)
|
| Bottom of the 4th over - 0 runs, 0 hits, 1 error, 0 left on base; Peoria 3 - Dayton 4 |
| TOP OF THE 5TH |
|
Peoria Chiefs batting - Pitching for Dayton Dragons : RHP Justin Ezzell
|
|
Batting: RHB Justin Reich
|
0-0: Ball 1-0: Fly out, F9 (Line Drive, 9, EV 90.0 MPH)
|
|
Batting: LHB Ichiro Toyota
|
0-0: Ball 1-0: Ball 2-0: Called Strike 2-1: Fly out, F9 (Flyball, 9LM, EV 86.2 MPH)
|
|
Batting: RHB Melvin Enriquez
|
0-0: Ball 1-0: Foul Ball, location: 2F 1-1: Ball 2-1: Fly out, F6 (Popup, 6MD, EV 56.2 MPH)
|
| Top of the 5th over - 0 runs, 0 hits, 0 errors, 0 left on base; Peoria 3 - Dayton 4 |
| BOTTOM OF THE 5TH |
|
Dayton Dragons batting - Pitching for Peoria Chiefs : RHP Tristan Johnson
|
|
Batting: RHB Jonathan Davis
|
0-0: Called Strike 0-1: Ball 1-1: Ball 2-1: Called Strike 2-2: Ball 3-2: Strikes out looking
|
|
Batting: LHB Matt Kennedy
|
0-0: Fly out, F7 (Flyball, 8LM, EV 77.5 MPH)
|
|
Batting: LHB Nick Nino
|
0-0: SINGLE (Groundball, 15S, EV 68.8 MPH) (infield hit)
|
|
Batting: LHB Leo Gomez
|
0-0: Ball Nick Nino is caught stealing 2nd base 2-6
|
| Bottom of the 5th over - 0 runs, 1 hit, 0 errors, 0 left on base; Peoria 3 - Dayton 4 |
| TOP OF THE 6TH |
|
Peoria Chiefs batting - Pitching for Dayton Dragons : RHP Justin Ezzell
|
|
Batting: LHB Shigeru Ono
|
0-0: Ball 1-0: Called Strike 1-1: SINGLE (Line Drive, 78S, EV 99.4 MPH)
|
|
Batting: RHB Terry Baginski
|
0-0: Called Strike 0-1: Ball 1-1: Ball 2-1: Foul Ball, location: 2F 2-2: Fly out, F7 (Flyball, 7D, EV 100.6 MPH)
|
|
Batting: RHB Travis Leonard
|
0-0: Ball 1-0: Ball 2-0: Called Strike 2-1: Foul Ball, location: 2F 2-2: Strikes out swinging
|
|
Batting: LHB Ken Compton
|
0-0: Fielders Choice at 2nd, 6-4 (Groundball, 6, EV 88.1 MPH)
|
| Top of the 6th over - 0 runs, 1 hit, 0 errors, 1 left on base; Peoria 3 - Dayton 4 |
| BOTTOM OF THE 6TH |
|
Dayton Dragons batting - Pitching for Peoria Chiefs : RHP Tristan Johnson
|
|
Batting: LHB Leo Gomez
|
0-0: Called Strike 0-1: Ball 1-1: Ground out U3 (Groundball, 3, EV 81.9 MPH)
|
|
Batting: LHB Chris Grunwald
|
0-0: Ball 1-0: Swinging Strike 1-1: Foul Ball, location: 2F 1-2: Ball 2-2: Foul Ball, location: 2F 2-2: Ball 3-2: Foul Ball, location: 2F 3-2: Base on Balls
|
|
Pitching: RHP Daniel Escalante
|
|
|
Batting: SHB Kristian Kristensen
|
0-0: Ball Chris Grunwald is caught stealing 2nd base 2-6 1-0: Called Strike 1-1: Ball 2-1: Ball 3-1: Base on Balls
|
|
Batting: RHB Bruno André
|
0-0: Ball 1-0: Swinging Strike 1-1: Ball 2-1: Foul Ball, location: 2F 2-2: Ball 3-2: 2-RUN HOME RUN (Flyball, 78XD, EV 98.8 MPH), Distance : 397 ft
|
|
Batting: RHB Mark Williams
|
0-0: Ground out 6-3 (Groundball, 6, EV 84.4 MPH)
|
| Bottom of the 6th over - 2 runs, 1 hit, 0 errors, 0 left on base; Peoria 3 - Dayton 6 |
| TOP OF THE 7TH |
|
Peoria Chiefs batting - Pitching for Dayton Dragons : RHP Justin Ezzell
|
|
Batting: RHB Dan Boykins
|
0-0: Ball 1-0: Ball 2-0: Fly out, F7 (Flyball, 78M, EV 98.1 MPH)
|
|
Batting: SHB Josh Conner
|
0-0: Swinging Strike 0-1: Ball 1-1: Called Strike 1-2: Strikes out looking
|
|
Batting: RHB Justin Reich
|
0-0: Called Strike 0-1: Swinging Strike 0-2: Ball 1-2: Ball 2-2: Strikes out swinging, 2-3 out at first.
|
| Top of the 7th over - 0 runs, 0 hits, 0 errors, 0 left on base; Peoria 3 - Dayton 6 |
| BOTTOM OF THE 7TH |
|
Dayton Dragons batting - Pitching for Peoria Chiefs : RHP Daniel Escalante
|
|
Pitching: RHP Cory Falcon
|
|
|
Batting: RHB Ben Hinman
|
0-0: Called Strike 0-1: Foul Ball, location: 2F 0-2: Strikes out swinging
|
|
Batting: RHB Jonathan Davis
|
0-0: Ball 1-0: Called Strike 1-1: Foul Ball, location: 2F 1-2: Foul Ball, location: 2F 1-2: Foul Ball, location: 2F 1-2: Ground out 5-3 (Groundball, 56, EV 85.6 MPH)
|
|
Batting: LHB Matt Kennedy
|
0-0: Called Strike 0-1: Foul Ball, location: 2F 0-2: Strikes out swinging
|
| Bottom of the 7th over - 0 runs, 0 hits, 0 errors, 0 left on base; Peoria 3 - Dayton 6 |
| TOP OF THE 8TH |
|
Peoria Chiefs batting - Pitching for Dayton Dragons : RHP Justin Ezzell
|
|
Now at 2B: John Galluzzo
|
|
|
Batting: LHB Ichiro Toyota
|
0-0: Called Strike 0-1: Ball 1-1: Ground out 4-3 (Groundball, 4, EV 87.5 MPH)
|
|
Batting: RHB Melvin Enriquez
|
0-0: Called Strike 0-1: Swinging Strike 0-2: Strikes out swinging
|
|
Batting: LHB Shigeru Ono
|
0-0: Ball 1-0: Called Strike 1-1: Ball 2-1: DOUBLE (Line Drive, 8LD, EV 92.5 MPH)
|
|
Batting: RHB Terry Baginski
|
0-0: Foul Ball, location: 2F 0-1: Foul Ball, location: 2F 0-2: Fly out, F4 (Popup, 4D, EV 66.9 MPH)
|
| Top of the 8th over - 0 runs, 1 hit, 0 errors, 1 left on base; Peoria 3 - Dayton 6 |
| BOTTOM OF THE 8TH |
|
Dayton Dragons batting - Pitching for Peoria Chiefs : RHP Cory Falcon
|
|
Pitching: LHP Kai Klindt
|
|
|
Batting: LHB Nick Nino
|
0-0: Hit by Pitch
|
|
Batting: LHB Leo Gomez
|
0-0: Ball 1-0: Called Strike 1-1: Called Strike 1-2: Ball Nick Nino steals 2nd base 2-2: Strikes out swinging
|
|
Batting: LHB Chris Grunwald
|
0-0: Intentional Walk
|
|
Batting: SHB Kristian Kristensen
|
0-0: Called Strike Nick Nino steals 3rd base Chris Grunwald to second 0-1: Ball 1-1: Called Strike 1-2: Ball 2-2: Ball 3-2: Ground out 4-3 (Groundball, 4, EV 86.9 MPH)
|
|
Batting: RHB Bruno André
|
0-0: Intentional Walk
|
|
Batting: RHB John Galluzzo
|
0-0: Ball 1-0: Foul Ball, location: 2F 1-1: Fly out, F4 (Popup, 4MD, EV 43.8 MPH)
|
| Bottom of the 8th over - 0 runs, 0 hits, 0 errors, 3 left on base; Peoria 3 - Dayton 6 |
| TOP OF THE 9TH |
|
Peoria Chiefs batting - Pitching for Dayton Dragons : RHP Justin Ezzell
|
|
Pitching: RHP Justin Ambrose
|
|
|
Batting: RHB Travis Leonard
|
0-0: Ground out 5-3 (Groundball, 5S, EV 93.1 MPH)
|
|
Batting: LHB Ken Compton
|
0-0: Foul Ball, location: 2F 0-1: Ground out 5-3 (Groundball, 56, EV 110.6 MPH)
|
|
Batting: RHB Dan Boykins
|
0-0: Called Strike 0-1: Ball 1-1: Foul Ball, location: 2F 1-2: Ball 2-2: Ball 3-2: Base on Balls
|
|
Batting: SHB Josh Conner
|
0-0: Reached on error, E4 (Groundball, 4, EV 85.0 MPH) Dan Boykins to second
|
|
Batting: RHB Justin Reich
|
0-0: Foul Ball, location: 2F 0-1: Foul Ball, location: 2F 0-2: Ball Passed Ball! Dan Boykins to third Josh Conner to second 1-2: Ball 2-2: Ball 3-2: Strikes out swinging
|
| Top of the 9th over - 0 runs, 0 hits, 1 error, 2 left on base; Peoria 3 - Dayton 6 |
|